 Dungeon Crawl Stone Soup version 0.30.0-29-ga12c61a403 (webtiles) character file.

Game seed: 15842167926677100254

265 Peloso the Covered (level 5, -2/47 HPs)
             Began as a Minotaur Fighter on June 24, 2023.
             Killed by divine providence
             ... invoked by an orc priest
              (11 damage)
             ... on level 2 of the Dungeon.
             The game lasted 00:02:48 (1983 turns).

Peloso the Covered (Minotaur Fighter)               Turns: 1983, Time: 00:02:49

Health: -2/47      AC: 12    Str: 21    XL:     5   Next: 99%
Magic:  4/4        EV:  6    Int:  5    God:
Gold:   84         SH:  5    Dex: 11    Spells: 4/4 levels left

rFire   . . .        a - +0 long sword
rCold   . . .        d - +0 buckler
rNeg    . . .        c - +0 plate armour
rPois   .            (helmet restricted)
rElec   .            (no cloak)
rCorr   .            (no gloves)
SInv    .            (no boots)
Will    .....        (no amulet) Stlth
                     (no ring)
HPRegen 0.27/turn    (no ring)
MPRegen 0.09/turn

%: no passive effects
@: no status effects
A: horns 2, retaliatory headbutt
a: no special abilities


You were on level 2 of the Dungeon.
You visited 1 branch of the dungeon, and saw 3 of its levels.

You collected 84 gold pieces.

Inventory:

Hand Weapons
 a - a +0 long sword (weapon)
Armour
 b - a +0 scale mail
 c - a +0 plate armour (worn)
 d - a +0 buckler (worn)
Wands
 e - a wand of charming (13)
Scrolls
 f - 6 scrolls of identify
 h - 2 scrolls of noise
Potions
 g - a potion of might


   Skills:
 + Level 4.6 Fighting
 + Level 4.9 Long Blades
 + Level 5.0 Armour
 + Level 0.2 Stealth
 + Level 5.0 Shields


You had 4 spell levels left.
You didn't know any spells.
Your spell library contained the following spells:

 Spells                   Type           Power      Damage    Failure   Level
 Apportation              Tloc           0%         N/A       100%        1
 Alistair's Intoxication  Tmut/Pois      0%         N/A       100%        5


Dungeon Overview and Level Annotations

Branches:
Dungeon (3/15)

Altars:


Innate Abilities, Weirdness & Mutations

You have a pair of horns on your head.
You reflexively headbutt those who attack you in melee.


Message History

The orc priest looks encouraged for a moment.
You barely miss the orc priest.
The orc priest is heavily wounded.
You block the orc priest's attack.
You barely miss the orc priest.
The orc priest is heavily wounded.
The orc priest mumbles some strange prayers to Beogh against you.
Pain shoots through your body!
You hit the orc priest but do no damage.
The orc priest is heavily wounded.
The orc priest calls down the wrath of Beogh upon you.
Beogh smites you!
You hit the orc priest but do no damage.
The orc priest is heavily wounded.
You block the orc priest's attack.
The orc priest hits you with a +0 falchion.
You hit the orc priest but do no damage.
The orc priest is moderately wounded.
The orc priest hits you but does no damage.
You closely miss the orc priest.
The orc priest is moderately wounded.
You block the orc priest's attack.
You completely miss the orc priest.
The orc priest is moderately wounded.
The orc priest hits you with a +0 falchion.
You hit the orc priest.
The orc priest is heavily wounded.
The orc priest invokes the aid of Beogh against you.
Pain shoots through your body!
* * * LOW HITPOINT WARNING * * *
You closely miss the orc priest.
The orc priest is heavily wounded.
The orc priest looks satisfied for a moment.
The orc priest hits you with a +0 falchion.
* * * LOW HITPOINT WARNING * * *
You closely miss the orc priest.
The orc priest is heavily wounded.
The orc priest calls down the wrath of Beogh upon you.
Beogh smites you!
You die...

#.# #.............#.# #..
#.####.#####..####.#.# #..
#......# #..###....# #).
#..##### #..##...#.# ##. #..#
#..#.###..#######. #..#
#....# #.......... #..#
#.##.###.####.#### #..#
#######†###...## #.# #..#
#.....o@# #..## ##.#### #..#
#.####### #..#####.#.##. #..#
#.###### #..##...###...
#..###.##...## #<.##.##.#.##.
#...##.#.....###..##.###.###.
#....#........##..)..# #.# #.
#.............##..#..# #.# #.
##...#........##..#..###.###.
##.#.>....................#.


You could see an orc priest.

Vanquished Creatures
  Sigmund (D:2)
  3 adders (D:2)
  A worm (D:2)
  3 dart slugs
  4 orcs
  3 endoplasms
  A giant cockroach (D:2)
  6 goblins
  A hobgoblin (D:2)
  4 quokkas
  7 ball pythons
  7 bats
  A frilled lizard (D:1)
  2 kobolds
  9 rats
53 creatures vanquished.

Notes
Turn   | Place    | Note
-------+----------+-------------------------------------------
     0 | D:1      | Peloso the Minotaur Fighter began the quest for the Orb.
     0 | D:1      | Reached XP level 1. HP: 19/19 MP: 0/0
   137 | D:1      | Found a faded altar of an unknown god.
   144 | D:1      | Reached XP level 2. HP: 22/27 MP: 1/1
   897 | D:2      | Reached XP level 3. HP: 33/33 MP: 2/2
   997 | D:2      | Noticed Sigmund
  1015 | D:2      | Killed Sigmund
  1016 | D:2      | Reached XP level 4. HP: 14/41 MP: 3/3
  1016 | D:2      | Reached XP level 5. HP: 16/47 MP: 4/4
  1444 | D:2      | Reached skill level 5 in Armour
  1953 | D:2      | Reached skill level 5 in Shields
  1983 | D:2      | Killed from afar by an orc priest

Illustrated notes

Levels and vault maps discovered:
D:1:      lemuel_arrival_room, layout_loops_ring, ebering_ecumenical_altar_rust
D:2:      layout_loops_ring, chequers_serial_rivers_marsh,
          hangedman_decor_opposing, columned_hall_lemuel,
          chequers_serial_rivers_small_3, uniq_sigmund
D:3:      layout_basic, old_standard_altar, beargit_hepliaklqana_dungeon_heroes,
          serial_corexii_hall, corexii_hall_statues_deadend,
          corexii_hall_statues_i, corexii_hall_statues_s,
          corexii_hall_statues_i, chequers_hall_statues_corner_a,
          corexii_hall_statues_deadend, serial_shops, shop, uniq_natasha

Skill      XL: |  1  2  3  4  5 |
---------------+----------------+-----
Armour         | 4 5 |  5.0
Shields        | 4 5 |  5.0
Fighting       | 4 |  4.6
Long Blades    | 4 |  4.9
Stealth        | |  0.2

Action                     |  1- 3 |  4- 6 || total
---------------------------+-------+-------++-------
  Melee: Long sword        |    72 |    62 ||   134
         Headbutt          |    11 |     3 ||    14
    Use: Potion            |     2 |       ||     2
         Scroll            |     1 |       ||     1
 Armour: Plate armour      |    45 |    29 ||    74
         Scale mail        |     2 |       ||     2
  Dodge: Dodged            |    29 |    21 ||    50
  Block: Buckler           |    20 |    19 ||    39
